 Dungeon Crawl Stone Soup version 0.23.0 (webtiles) character file.

Game seed: 3185707870011416513

11 Masnef the Grasshopper (level 2, 0/13 HPs)
             Began as a Felid Warper on Feb 17, 2019.
             Killed from afar by a dart slug (6 damage)
             ... with a slug dart
             ... on level 1 of the Dungeon.
             The game lasted 00:00:37 (187 turns).

Masnef the Grasshopper (Felid Warper)                Turns: 187, Time: 00:00:38

Health: 0/13       AC:  1    Str:  7    XL:     2   Next: 17%
Magic:  6/6        EV: 18    Int: 14    God:
Gold:   16         SH:  0    Dex: 15    Spells: 3/5 levels left
                                        Lives:  0   Deaths: 0

rFire    . . .     SeeInvis +     - Unarmed
rCold    . . .     Gourm    .   (shield unavailable)
rNeg     . . .     Faith    .   (armour unavailable)
rPois    .         Spirit   .   (helmet unavailable)
rElec    .         Reflect  .   (cloak unavailable)
rCorr    .         Harm     .   (gloves unavailable)
MR       .....                  (boots unavailable)
Stlth    ++........             (no amulet)
HPRegen  0.04/turn              (no ring)
MPRegen  0.10/turn              (no ring)

@: quick
A: very small, no armour, no weapons or thrown items, stealth, claws 1, fangs 3,
see invisible, carnivore, speed 1, shaggy fur 1, slow metabolism 1, sharp paws
a: no special abilities


You were on level 1 of the Dungeon.
You were not hungry.

You visited 1 branch of the dungeon, and saw 1 of its levels.

You collected 16 gold pieces.

Inventory:

Scrolls
 a - a scroll of identify {unknown}
 b - a scroll of blinking
 d - a scroll of magic mapping {unknown}
Potions
 e - a potion of heal wounds {unknown}
Comestibles
 c - a ration


   Skills:
 - Level 2.0 Fighting
 - Level 3.2 Dodging
 * Level 2.0 Stealth
 + Level 2.4 Unarmed Combat
 - Level 2.0 Spellcasting
 - Level 4.4 Translocations


You had 3 spell levels left.
You knew the following spells:

 Your Spells              Type           Power        Failure   Level  Hunger
b - Blink                 Tloc           N/A          6%          2    ###....

Your spell library contained the following spells:

 Spells                   Type           Power        Failure   Level  Hunger
 Gell's Gravitas          Tloc           ##........   12%         3    ####...
 Lesser Beckoning         Tloc           ##........   12%         3    ####...
 Teleport Other           Tloc           ##......     12%         3    ####...
 Shroud of Golubria       Chrm/Tloc      #.........   14%         2    ###....
 Passage of Golubria      Tloc           N/A          36%         4    #####..


Dungeon Overview and Level Annotations

Branches:
Dungeon (1/15)

Altars:


Innate Abilities, Weirdness & Mutations

You cannot wear armour.
You are incapable of wielding weapons or throwing items.
Your paws allow you to move quietly. (Stealth)
You have sharp claws.
You have razor-sharp teeth.
You have supernaturally acute eyesight. (SInv)
You are carnivorous and can eat meat at any time.
You cover ground quickly.
You are covered in fur. (AC +1)
You have a slow metabolism.
Your sharp claws are effective at attacking unaware monsters.


Message History

The goblin hits you.
A dart slug comes into view.
A giant cockroach comes into view.
You scratch the goblin.
The goblin is severely wounded.
The goblin barely misses you.
You closely miss the goblin. Your claw misses the goblin.
Your bite misses the goblin.
The goblin is severely wounded.
The bat misses you. x2; The giant cockroach misses you.
The goblin completely misses you.
You claw the goblin!
You kill the goblin!
Your Stealth skill increases to level 2!
The bat misses you.
The giant cockroach bites you but does no damage.
The giant cockroach barely misses you.
You miss the bat. The bat hits you. The giant cockroach closely misses you.
The dart slug launches a dart at you. The slug dart hits you.
You die...

###........#.#####.###.#...
####..........[.............
#........##############.#..#
######.###### #.#..#
#......# #.#... #.####.#
#..... .#.## #.# #####.
......#.# ... ##..#..@# ##..
..w...†s....... ...
.....b.#####..# .#.# .......
#.#. ....#.# ...... ......
......


You could see a dart slug, a giant cockroach and a bat.

Vanquished Creatures
  A dart slug (D:1)
  A giant cockroach (D:1)
  A hobgoblin (D:1)
  A quokka (D:1)
  A bat (D:1)
  A goblin (D:1)
  A kobold (D:1)
  4 rats (D:1)
11 creatures vanquished.

Notes
Turn   | Place    | Note
-------+----------+-------------------------------------------
     0 | D:1      | Masnef the Felid Warper began the quest for the Orb.
     0 | D:1      | Reached XP level 1. HP: 9/9 MP: 4/4
    52 | D:1      | Reached skill level 1 in Stealth
   112 | D:1      | Reached XP level 2. HP: 13/13 MP: 6/6
   123 | D:1      | Learned a level 2 spell: Blink
   187 | D:1      | Killed from afar by a dart slug

Skill      XL: |  1  2 |
---------------+-------+-----
Stealth        | 1 2 |  2.0
Fighting       | |  2.0
Dodging        | |  3.2
Unarmed Combat | |  2.4
Spellcasting   | |  2.0
Translocations | |  4.4

Action                   || total
-------------------------++-------
Melee: Unarmed           ||    28
       Punch             ||     1
 Stab: Sleeping          ||     4
Armor: Skin              ||     1
Dodge: Dodged            ||    23
